 Dungeon Crawl Stone Soup version 0.28-a0-1510-gd0f6b136d3 (webtiles) character file.

Game seed: 7351228041663707994

2254 oldriver the Skirmisher (level 9, 0/74 HPs)
             Began as a Formicid Chaos Knight on Jan 14, 2022.
             Was a Plaything of Xom.
             Slain by a steam dragon (9 damage)
             ... on level 7 of the Dungeon.
             The game lasted 00:12:30 (8947 turns).

oldriver the Skirmisher (Formicid Chaos Knight)     Turns: 8947, Time: 00:12:31

Health: 0/74       AC: 13    Str: 28    XL:     9   Next: 64%
Magic:  9/9        EV: 10    Int: 11    God:    Xom [..*...]
Gold:   714        SH: 16    Dex: 10    Spells: 8/8 levels left

rFire   . . .      SeeInvis +   a - +1 hand axe (chaos)
rCold   . . .      Faith    .   q - +3 kite shield
rNeg    . . .      Spirit   .   x - +2 ring mail {rPois}
rPois   +          Reflect  +   (helmet unavailable)
rElec   .          Harm     .   (no cloak)
rCorr   .          Rampage  .   h - +0 pair of gloves
Will    .....                   c - +2 pair of boots {Fly}
Stlth   ..........              k - amulet of reflection
HPRegen 0.22/turn               g - ring of wizardry
MPRegen 0.11/turn               A - +6 ring of strength

@: flying
A: permanent stasis, dig shafts and tunnels, antennae 3, four strong arms
a: Dig, Shaft Self, Renounce Religion


You were on level 7 of the Dungeon.
You worshipped Xom.
You were a toy of Xom.
You visited 1 branch of the dungeon, and saw 8 of its levels.
You also visited: Sewer.

You collected 714 gold pieces.

Inventory:

Hand Weapons
 a - a +1 hand axe of chaos (weapon)
 v - a +1 flail of venom
Missiles
 r - a curare-tipped dart
Armour
 c - a +2 pair of boots of flying (worn)
 h - a +0 pair of gloves (worn)
 q - a +3 kite shield (worn)
 x - a +2 ring mail of poison resistance (worn)
Jewellery
 g - a ring of wizardry (left hand)
 k - an amulet of reflection (around neck)
 A - a +6 ring of strength (right hand)
 E - a ring of resist corrosion
Wands
 b - a wand of polymorph (9)
 u - a wand of flame (30)
Scrolls
 f - a scroll of fear
 n - a scroll of identify
 p - a scroll of brand weapon
 s - a scroll of amnesia
 w - a scroll of enchant armour
 B - 2 scrolls of torment
Potions
 d - 3 potions of ambrosia
 e - a potion of curing
 i - a potion of brilliance {unknown}
 j - a potion of attraction {unknown}
 l - a potion of degeneration {unknown}
 m - 2 potions of might
 o - a potion of magic {unknown}
 t - a potion of invisibility {unknown}
 z - a potion of haste {unknown}
 C - a potion of mutation {unknown}
 D - a potion of heal wounds
 F - a potion of resistance {unknown}


   Skills:
 + Level 7.8 Fighting
 + Level 7.1 Axes
 + Level 7.3 Armour
 - Level 2.0 Dodging
 - Level 5.0 Shields


You had 8 spell levels left.
You didn't know any spells.
Your spell library contained the following spells:

 Spells                   Type           Power      Damage    Failure   Level
 Scorch                   Fire           0%         2d5       52%         2
 Conjure Flame            Conj/Fire      0%         6-21      75%         3
 Ignite Poison            Fire/Tmut/Pois 0%         N/A       75%         3
 Stone Arrow              Conj/Erth      0%         3d7       75%         3
 Animate Armour           Summ/Erth      0%         N/A       98%         4
 Flame Wave               Conj/Fire      0%         2d4       98%         4
 Sticky Flame             Conj/Fire      0%         2d3       98%         4
 Summon Cactus Giant      Summ           0%         N/A       100%        6
 Lehudib's Crystal Spear  Conj/Erth      0%         10d2      100%        8


Dungeon Overview and Level Annotations

Branches:
Dungeon (8/15)             Temple (0/1) D:5           Sewer (visited)
   Lair: D:8-11

Altars:
Zin
The Shining One

Shops:
D:6 =!:(


Innate Abilities, Weirdness & Mutations

You cannot be hasted, slowed, berserked, paralysed or teleported.
You can dig through walls and to a lower floor.
You have a pair of large antennae on your head. (SInv)
Your four strong arms can wield two-handed weapons with a shield.


Message History

The steam dragon completely misses you. The steam dragon closely misses you.
You barely miss the steam dragon.
The steam dragon is heavily wounded. "Hum-dee-hum-dee-hum..."
The steam dragon flickers and vanishes for a moment.
You block the steam dragon's attack.
The steam dragon claws you but does no damage.
You barely miss the steam dragon.
The steam dragon is heavily wounded.
You block the steam dragon's attack.
The steam dragon claws you but does no damage.
You slash the steam dragon!
The steam dragon seems to speed up.
The steam dragon is severely wounded.
The steam dragon seems less confused.
The steam dragon breathes steam at you. The ball of steam hits you.
The steam dragon bites you but does no damage.
You block the steam dragon's attack.
You hit the steam dragon but do no damage.
The steam dragon easily resists.
The steam dragon is severely wounded.
You are engulfed in a cloud of scalding steam.
The steam dragon bites you but does no damage.
You block the steam dragon's attack.
The steam dragon bites you but does no damage.
The steam dragon claws you but does no damage.
You hit the steam dragon.
You feel better.
The steam dragon is almost dead.
The steam dragon breathes steam at you. The ball of steam hits you!
You hear a croak.
Unknown command.
You closely miss the steam dragon.
The steam dragon is almost dead.
You are engulfed in a cloud of scalding steam.
The steam dragon breathes steam at you. The ball of steam hits you!!
* * * LOW HITPOINT WARNING * * *
The steam dragon bites you!
You die...

..##......# ####........#
#.###......## ######
..#.........#### #.##.##
...............###.....#
......................#
##.......#####...##...#
........##§≈.##..D....####
...#....#§≈...#.@...<....####
.####.#.#≈.....§..#...#.....#####
## #####§....#.#.##.##..........
# #§....##.#.####........... #
#≈.### ..... .#........### ... #≈
.!..............#### ... #
##..#............'... ...
#..#>...##......').. ...
#......##.....†††...


You could see a steam dragon (fast, invisible, catching breath).

Vanquished Creatures
  A steam dragon (D:7)
  An ice beast (D:6)
  An orc warrior (D:8)
  2 ogres
  2 centaurs
  2 kobold brigands
  2 scorpions
  Dowan (D:6)
  A water moccasin skeleton (D:5)
  3 wights (D:8)
  3 hounds
  2 centaur zombies (D:5)
  2 jellies
  2 orc priests
  2 centaur skeletons (D:7)
  2 iguanas (D:4)
  3 orc wizards
  6 gnolls
  11 adders
  2 river rats (Sewer)
  A shadow imp (D:4)
  A white imp (D:7)
  2 ufetubi
  6 worms
  2 dart slugs
  19 orcs
  4 bats
  8 endoplasms
  6 giant cockroaches
  7 goblins
  5 hobgoblins
  13 jackals
  3 quokkas
  13 ball pythons
  2 frilled lizards
  22 kobolds
  6 rats
171 creatures vanquished.

Vanquished Creatures (collateral kills)
  A centaur (D:6)
  A scorpion (D:6)
  A water moccasin skeleton (D:4)
  A wight (D:8)
  A jelly (D:6)
5 creatures vanquished.

Vanquished Creatures (others)
  A scorpion (D:5)
  A gnoll shaman (D:5)
  A gnoll (D:5)
  10 plants (D:5)
13 creatures vanquished.

Grand Total: 189 creatures vanquished

Notes
Turn   | Place    | Note
-------+----------+-------------------------------------------
     0 | D:1      | oldriver the Formicid Chaos Knight began the quest for the
                  | Orb.
     0 | D:1      | Reached XP level 1. HP: 18/18 MP: 1/1
    81 | D:1      | XOM: divination: detect items
    96 | D:1      | Reached skill level 1 in Dodging
   100 | D:1      | Reached XP level 2. HP: 18/24 MP: 2/2
   261 | D:1      | XOM: divination: magic mapping
   492 | D:1      | Reached XP level 3. HP: 29/29 MP: 3/3
   580 | D:1      | XOM: smoke on damage
   741 | D:1      | XOM: noise
  1050 | D:2      | Reached XP level 4. HP: 37/37 MP: 4/4
  1546 | D:2      | XOM: silly message
  1710 | D:2      | XOM: divination: detect creatures
  2112 | D:3      | XOM: silly message
  2167 | D:3      | Found a glowing drain.
  2172 | D:3      | Reached XP level 5. HP: 30/42 MP: 5/5
  2307 | Sewer    | Entered a sewer
  2651 | Sewer    | Noticed a kobold brigand
  2672 | Sewer    | Killed a kobold brigand
  2673 | Sewer    | Reached XP level 6. HP: 37/49 MP: 6/6
  2799 | Sewer    | XOM: divination: magic mapping
  2869 | Sewer    | XOM: potion effect (brilliance)
  3169 | D:3      | Found a faded altar of an unknown god.
  3663 | D:3      | Reached skill level 5 in Fighting
  3914 | D:4      | Reached XP level 7. HP: 42/56 MP: 7/7
  4736 | D:5      | Entered Level 5 of the Dungeon
  4909 | D:4      | XOM: smoke on damage
  4912 | D:4      | Reached skill level 5 in Axes
  4947 | D:4      | XOM: blink monster(s)
  4950 | D:4      | XOM: confusion
  4954 | D:4      | Noticed a glowing shapeshifter
  4954 | D:4      | a scorpion changed into a glowing shapeshifter
  4954 | D:4      | XOM: polymorph scorpion -> glowing shapeshifter
  4954 | D:4      | Noticed a manticore
  4954 | D:4      | a glowing shapeshifter changed into a manticore
  4956 | D:4      | XOM: summons 2 friendly demons
  4956 | D:4      | Noticed a swamp worm
  4956 | D:4      | a manticore changed into a swamp worm
  4959 | D:4      | Noticed an elephant
  4959 | D:4      | a swamp worm changed into an elephant
  4961 | D:4      | Noticed a cyclops
  4961 | D:4      | an elephant changed into a cyclops
  4984 | D:4      | Noticed an elephant
  4992 | D:4      | an elephant changed into a floating eye
  5010 | D:5      | Reached skill level 5 in Armour
  5012 | D:5      | XOM: destruction
  5026 | D:4      | Noticed a swamp worm
  5026 | D:4      | a floating eye changed into a swamp worm
  5030 | D:4      | HP: 2/57 [adder (2)]
  5032 | D:4      | Noticed a glowing shapeshifter
  5032 | D:4      | a swamp worm changed into a glowing shapeshifter
  5033 | D:4      | Noticed an orb spider
  5033 | D:4      | a glowing shapeshifter changed into an orb spider
  5036 | D:4      | Noticed a redback
  5036 | D:4      | an orb spider changed into a redback
  5037 | D:4      | Noticed a mana viper
  5037 | D:4      | a redback changed into a mana viper
  5038 | D:4      | XOM: snakes to sticks
  5126 | D:4      | XOM: god gift: 20 bolts
  5174 | D:4      | Reached XP level 8. HP: 47/64 MP: 8/8
  5259 | D:4      | XOM: summons 1 hostile demon
  5316 | D:5      | XOM: enchant monster (bad)
  5386 | D:5      | XOM: noise
  5454 | D:5      | XOM: blink monster(s)
  5507 | D:5      | Reached skill level 1 in Shields
  5730 | D:5      | XOM: silly message
  5980 | D:5      | XOM: confuse monster(s)
  5994 | D:5      | Found a glowing golden altar of the Shining One.
  6034 | D:5      | Found a staircase to the Ecumenical Temple.
  6335 | D:5      | Found a glowing silver altar of Zin.
  6399 | D:6      | XOM: enchant monster (good)
  6628 | D:6      | Found Wudutuv's Book Boutique.
  7000 | D:6      | Noticed Dowan
  7001 | D:6      | Noticed Duvessa
  7012 | D:6      | XOM: scenery: 1 doors open, 1 doors close
  7018 | D:6      | Noticed Duvessa
  7018 | D:6      | Duvessa changed into Duvessa the centaur
  7018 | D:6      | XOM: polymorph Duvessa -> Duvessa the centaur
  7020 | D:6      | XOM: summons 4 friendly demons
  7027 | D:6      | Killed Duvessa the centaur
  7042 | D:6      | Killed Dowan
  7166 | D:6      | XOM: summons friendly iron imp
  7167 | D:6      | XOM: enchant monster (good)
  7199 | D:6      | Reached XP level 9. HP: 69/72 MP: 9/9
  7199 | D:6      | XOM: divination: detect creatures
  7262 | D:6      | XOM: polymorph iron imp -> quasit
  7270 | D:6      | You are sucked into a shaft and drop 2 floors!
  7335 | D:8      | XOM: blink monster(s)
  7361 | D:8      | XOM: potion effect (brilliance)
  7407 | D:8      | XOM: cast spell 'Call Canine Familiar'
  7743 | D:8      | XOM: god gift: potion of heal wounds
  8032 | D:7      | XOM: butterfly on damage
  8046 | D:7      | XOM: silly message
  8417 | D:6      | Found Falaopum's Weapon Emporium.
  8668 | D:6      | Found Lazekhupyi's Jewellery Emporium.
  8806 | D:6      | Found Lorocs's Distillery.
  8904 | D:7      | Reached skill level 5 in Shields
  8907 | D:7      | XOM: god gift: 58 gold pieces
  8935 | D:7      | XOM: confuse monster(s)
  8941 | D:7      | XOM: enchant monster (bad)
  8947 | D:7      | Slain by a steam dragon

Illustrated notes

Levels and vault maps discovered:
D:1:      lemuel_arrival_tunnels, layout_basic, minmay_3d_cube
D:2:      layout_basic, serial_park_tiny_1
D:3:      layout_loops_corners, portal_sewer_entry_d,
          chequers_ecumenical_altar_simple, minivault_25
D:4:      layout_loops_ring
D:5:      layout_cave_pools, zin_treasury, kennysheep_mini_moat,
          minmay_temple_entry_mist, nicolae_grassy_gnolls
D:6:      lemuel_ice_spiral_2, layout_basic, serial_shops,
          nicolae_lakefront_shop, shop_coins, nicolae_shop_window_shopping,
          shop_coins, uniq_duvessa
D:7:      cheibrodos_steamvent, layout_cave_pools, serial_gnoll_camp,
          gnoll_camp_mini_doghouse, grums_kennel, gnoll_camp_huts_basic,
          gnoll_camp_mini_basic
D:8:      layout_loops_corners, lemuel_tele_altar

Skill      XL: |  1  2  3  4  5  6  7  8  9 |
---------------+----------------------------+-----
Dodging        | 1 2 |  2.0
Armour         | 3 4 5 6 7 |  7.3
Fighting       | 4 5 6 7 |  7.8
Axes           | 4 5 6 7 |  7.1
Shields        | 3 5 |  5.0

Action                   |  1- 3 |  4- 6 |  7- 9 || total
-------------------------+-------+-------+-------++-------
Melee: Hand axe          |    69 |   201 |   360 ||   630
  Use: Scroll            |     1 |     5 |    18 ||    24
       Potion            |       |       |     5 ||     5
 Stab: Paralysed         |     4 |       |     1 ||     5
       Confused          |     1 |       |     1 ||     2
       Petrifying        |       |     1 |       ||     1
Armor: Leather armour    |    29 |    67 |   101 ||   197
       Ring mail         |       |       |    52 ||    52
Dodge: Dodged            |    39 |   105 |   150 ||   294
Block: Kite shield       |       |       |   259 ||   259
       Reflection        |       |       |     4 ||     4

Table legend: (Time is in decaauts)
 A = Elapsed time spent in this place.
 B = Non-inter-level travel time spent in this place.
 C = Inter-level travel time spent in this place.
 D = Time resting spent in this place.
 E = Time spent auto-exploring this place.
 F = Levels seen in this place.
 G = Mean time per level.
                   A        B        C        D        E       F      G
               +--------+--------+--------+--------+--------+-----+--------+
         Total |   9032 |   8814 |    218 |   1812 |   4929 |   9 | 1003.6 |
       Dungeon |   8281 |   8063 |    218 |   1655 |   4602 |   8 | 1035.1 |
         Sewer |    751 |    751 |      0 |    157 |    327 |   1 |  751.0 |
               +--------+--------+--------+--------+--------+-----+--------+

Top non-repeatable levels by time:
     D:6: 1758 daAuts
     D:4: 1366 daAuts
     D:3: 1167 daAuts
     D:2: 1162 daAuts
     D:5: 1098 daAuts
     D:1: 879 daAuts
   Sewer: 751 daAuts
     D:8: 511 daAuts
     D:7: 336 daAuts
